 Dungeon Crawl Stone Soup version 0.32-a0-306-gfed3edf829 (webtiles) character file.

Game seed: 18386062959777277744

249 Dittersdorf the Trooper (level 6, 0/39 HPs)
             Began as a Gargoyle Fighter on Feb 14, 2024.
             Slain by a bullfrog (1 damage)
             ... in a sewer.
             The game lasted 00:02:44 (2512 turns).

Dittersdorf the Trooper (Gargoyle Fighter)          Turns: 2512, Time: 00:02:44

Health: 0/39       AC: 11    Str: 21    XL:     6   Next: 12%
Magic:  0/6        EV:  6    Int:  9    God:
Gold:   210        SH:  4    Dex:  9    Spells: 5/5 levels left

rFire   . . .        a - +0 flail
rCold   . . .        c - +0 buckler
rNeg    + . .        b - +0 scale mail
rPois   ∞            (no helmet)
rElec   +            (no cloak)
rCorr   .            (no gloves)
SInv    .            (no boots)
Will    .....        j - amulet of guardian spirit Stlth
                     (no ring)
HPRegen 0.26/turn    (no ring)
MPRegen 0.10/turn

%: guardian spirit
@: mighty, constricted
A: sickness immunity, AC +4, negative energy resistance 1, electricity
resistance, torment resistance 1, petrification resistance
a: no special abilities


You were in a sewer.
You visited 1 branch of the dungeon, and saw 3 of its levels.
You also visited: Sewer.

You collected 210 gold pieces.

Inventory:

Hand Weapons
 a - a +0 flail (weapon)
Armour
 b - a +0 scale mail (worn)
 c - a +0 buckler (worn)
Jewellery
 j - an amulet of guardian spirit (around neck)
Scrolls
 f - 4 scrolls of identify {unknown}
 h - a scroll of enchant armour {unknown}
 i - a scroll of brand weapon {unknown}
 k - a scroll of amnesia {unknown}
 l - a scroll of vulnerability {unknown}
 m - 2 scrolls of revelation {unknown}
 n - a scroll of teleportation {unknown}
 o - a scroll of blinking {unknown}
 p - a scroll of butterflies {unknown}
 t - a scroll of fear {unknown}
Potions
 e - 2 potions of attraction {unknown}
 g - 4 potions of curing {unknown}
 q - 3 potions of resistance {unknown}
 r - a potion of heal wounds {unknown}
 s - a potion of enlightenment {unknown}
 u - a potion of cancellation {unknown}


   Skills:
 + Level 4.6 Fighting
 + Level 3.5 Maces & Flails
 + Level 4.5 Armour
 + Level 4.5 Shields


You had 5 spell levels left.
You didn't know any spells.
Your spell library contained the following spells:

 Spells                   Type           Power      Damage    Failure   Level
 Sandblast                Erth           0%         2d4       78%         1
 Dazzling Flash           Conj/Hex       0%         N/A       98%         3
 Mephitic Cloud           Conj/Alch/Air  0%         N/A       98%         3
 Passwall                 Erth           0%         N/A       98%         3
 Stone Arrow              Conj/Erth      0%         3d7       98%         3
 Brom's Barrelling Bould  Conj/Erth      0%         2d3       100%        4
 Curse of Agony           Necr           0%         N/A       100%        5
 Silence                  Hex/Air        0%         N/A       100%        5


Dungeon Overview and Level Annotations

Branches:
Dungeon (3/15)              Sewer (1/1)

Altars:
Zin

Shops:
D:2 (


Innate Abilities, Weirdness & Mutations

You are immune to sickness and miasma.
Your stone body is resilient. (AC +4)
You are immune to poison.
You resist negative energy. (rN+)
You are resistant to electric shocks. (rElec)
You are resistant to unholy torment.
You are immune to petrification.


Message History

The ball python barely misses you. x2; The ball python bites you.
The ball python barely misses you.
You barely miss the bullfrog. You block the bullfrog's attack. x2
The frilled lizard completely misses you.
The ball python bites you but does no damage.
The ball python barely misses you.
The ball python bites you but does no damage.
The ball python grabs you. The ball python constricts you.
The bullfrog hits you but does no damage. x2
The frilled lizard completely misses you.
You closely miss the bullfrog. The ball python barely misses you.
The bullfrog hits you.
The bullfrog hits you but does no damage.
The ball python bites you but does no damage.
The ball python constricts you. The frilled lizard barely misses you.
The bullfrog hits you but does no damage.
The ball python barely misses you.
The bullfrog hits you but does no damage.
You sock the bullfrog!
The bullfrog is heavily wounded.
The ball python bites you but does no damage.
The ball python constricts you. The bullfrog barely misses you.
The bullfrog closely misses you.
The ball python bites you but does no damage.
The frilled lizard bites you but does no damage.
The ball python barely misses you. The ball python constricts you.
The bullfrog hits you.
* * * LOW HITPOINT WARNING * * *
You barely miss the bullfrog.
The bullfrog is heavily wounded.
You block the bullfrog's attack. The ball python barely misses you.
The bullfrog hits you.
* * * LOW HITPOINT WARNING * * *
You block the ball python's attack. The ball python constricts you.
The bullfrog hits you.
* * * LOW HITPOINT WARNING * * *
The frilled lizard bites you but does no damage.
The ball python bites you but does no damage.
The bullfrog hits you.
You die...

~~~~≈#
#####~≈~≈~≈#
~~≈~≈#
#≈~~~≈≈#
~~~~~#
#≈≈~~~≈#
≈≈≈~~#
#≈~~~~≈#
≈≈~~~#
#≈~~~~≈#
††~~≈#
#≈≈~~≈≈#
..(.≈#
#≈≈≈#~≈#
~~~.≈#
#≈≈≈F.~#
~~~≈≈#
#≈≈≈S@S#
~~≈≈≈#
#≈≈≈#Fl#
~~≈~≈#
#≈~≈~S~#
~~~~~#
#≈~~~≈≈#
≈~~~~#
#≈~~≈~≈#
≈≈≈~≈#
#≈~~≈≈≈#
~≈~~~#
#≈~≈~~~#
..~.##
##~.~~.#
.....#
......#


You could see 2 bullfrogs, 3 ball pythons and a frilled lizard.

Vanquished Creatures
  Natasha (D:3)
  A river rat (Sewer)
  6 adders
  A dart slug (D:2)
  6 orcs (D:3)
  14 ball pythons
  4 endoplasms
  4 giant cockroaches (D:3)
  7 hobgoblins
  4 quokkas
  5 bats
  3 frilled lizards
  9 goblins
  6 kobolds
  21 rats
92 creatures vanquished.

Notes
Turn   | Place    | Note
-------+----------+-------------------------------------------
     0 | D:1      | Dittersdorf the Gargoyle Fighter began the quest for the
                  | Orb.
     0 | D:1      | Reached XP level 1. HP: 14/14 MP: 1/1
   113 | D:1      | Reached XP level 2. HP: 19/19 MP: 2/2
   553 | D:1      | Reached XP level 3. HP: 23/23 MP: 3/3
   725 | D:2      | Found a faded altar of an unknown god.
   912 | D:2      | Found a glowing silver altar of Zin.
  1039 | D:2      | Found Iqigex's Antique Weapon Shoppe.
  1103 | D:2      | Reached XP level 4. HP: 29/29 MP: 4/4
  1996 | D:3      | Reached XP level 5. HP: 33/33 MP: 3/5
  2078 | D:3      | Noticed Natasha
  2091 | D:3      | Killed Natasha
  2158 | D:3      | Found a glowing drain.
  2195 | Sewer    | Entered a sewer
  2329 | Sewer    | Reached XP level 6. HP: 39/39 MP: 6/6
  2512 | Sewer    | HP: 1/39 [bullfrog (2)]
  2512 | Sewer    | Slain by a bullfrog

Illustrated notes

Levels and vault maps discovered:
D:1:      amcnicky_arrival_choice, layout_loops_ring,
          chequers_serial_rivers_small_b, amcnicky_mini_corridor_feature,
          minmay_surrounded
D:2:      layout_basic, ebering_ecumenical_altar_ruins, basic_altar,
          serial_shops, shop_statue, hangedman_decor_growths, dk_noncrumbling_3,
          minmay_distorted
D:3:      layout_basic, portal_sewer_entry_f, uniq_natasha, uniq_terence
Sewer:    sewer_minmay_w

Skill      XL: |  1  2  3  4 |
---------------+-------------+-----
Shields        | 4 |  4.5
Armour         | 4 |  4.5
Fighting       | 4 |  4.6
Maces & Flails | 3 |  3.5

Action                     |  1- 3 |  4- 6 || total
---------------------------+-------+-------++-------
  Melee: Flail             |    79 |   245 ||   324
    Use: Potion            |       |     1 ||     1
 Armour: Scale mail        |    51 |   241 ||   292
  Dodge: Dodged            |    43 |   171 ||   214
  Block: Buckler           |    14 |    93 ||   107

Table legend: (Time is in decaauts)
 A = Elapsed time spent in this place.
 B = Non-inter-level travel time spent in this place.
 C = Inter-level travel time spent in this place.
 D = Time resting spent in this place.
 E = Time spent auto-exploring this place.
 F = Levels seen in this place.
 G = Mean time per level.
                   A        B        C        D        E       F      G
               +--------+--------+--------+--------+--------+-----+--------+
         Total |   2648 |   2545 |    103 |      0 |   1745 |   4 |  662.0 |
       Dungeon |   2274 |   2171 |    103 |      0 |   1587 |   3 |  758.0 |
         Sewer |    374 |    374 |      0 |      0 |    158 |   1 |  374.0 |
               +--------+--------+--------+--------+--------+-----+--------+

Top non-repeatable levels by time:
     D:2: 1007 daAuts
     D:1: 753 daAuts
     D:3: 513 daAuts
   Sewer: 374 daAuts
